Map: King Sejong Station LE

Players

uThermal - Winner!

  • Race: Terran Terran

Elazer

  • Race: Zerg Zerg

Event: IEM Season 11 - Shanghai

VOD

Have the link to the VOD?

Description

Time

  • Played on: July 29, 2016, 6:30 a.m.
  • Length: 13:55

All games in this series

Show
View Real Time Build Order
Export as new Build Order

uThermal Terran - Winner!

Build Orders: Reaper Expand, Bio Tank 

Get SALT Encoding   

  12  0:01  SCV  
  13  0:13  SCV  
  14  0:17  Supply Depot  
  14  0:25  SCV  
  15  0:39  Barracks, SCV  
  16  0:43  Refinery  
  16  0:51  SCV  
  17  1:03  SCV  
  18  1:15  SCV  
  19  1:27  Reaper, Orbital Command  
  20  1:40  Command Center  
  20  1:50  Barracks  
  20  1:54  SCV  
  20  1:59  Barracks Reactor  
  21  2:06  SCV  
  21  2:07  Supply Depot  
  22  2:13  Refinery  
  22  2:18  SCV  
  23  2:27  Factory  
  23  2:30  SCV  
  23  2:36  Marine x2  
  26  2:39  Barracks Tech Lab  
  26  2:42  SCV  
  27  2:53  Marine  
  27  2:54  Orbital Command  
  27  2:55  SCV  
  27  2:56  Marine  
  30  3:03  Stimpack  
  30  3:06  Marine  
  30  3:11  Marine  
  32  3:14  Marine  
  32  3:18  Starport  
  33  3:22  Factory Reactor, SCV  
  34  3:27  SCV  
  34  3:30  Marine  
  34  3:31  Marine  
  37  3:34  SCV  
  37  3:39  Supply Depot, SCV  
  37  3:40  Marine  
  40  3:46  SCV  
  40  3:48  Marine  
  42  3:51  Marine, SCV  
  42  3:55  Supply Depot  
  44  4:00  SCV  
  45  4:03  SCV  
  45  4:08  Marine x2  
  45  4:09  Marine  
  49  4:10  Medivac x2  
  49  4:16  SCV x2  
  55  4:18  Refinery  
  55  4:21  Engineering Bay  
  55  4:24  Engineering Bay  
  55  4:28  Marine  
  55  4:29  Supply Depot  
  55  4:31  Marine  
  56  4:33  Marine  
  56  4:35  SCV x2  
  60  4:47  SCV x2  
  60  4:50  Terran Infantry Weapons Level 1  
  60  4:51  Terran Infantry Armor Level 1, Marine x2  
  63  4:59  Supply Depot, SCV  
  65  5:00  SCV  
  65  5:01  Marine  
  65  5:03  Combat Shields  
  66  5:10  Marine x2  
  66  5:11  SCV  
  66  5:12  SCV  
  70  5:20  Marine  
  70  5:21  Medivac x2  
  75  5:23  Supply Depot, SCV  
  75  5:24  Factory Tech Lab  
  75  5:28  Marine  
  77  5:32  Supply Depot  
  77  5:37  Marine  
  77  5:39  Command Center  
  78  5:44  Marine  
  78  5:47  Marine  
  78  5:48  Siege Tank  
  83  5:50  Refinery  
  83  5:52  Supply Depot, SCV  
  83  5:55  Marine  
  83  5:56  SCV  
  86  6:02  Marine  
  87  6:04  Marine, SCV  
  87  6:06  Supply Depot  
  90  6:16  Barracks  
  90  6:18  Barracks  
  90  6:21  Barracks  
  90  6:24  Marine, Armory  
  90  6:25  Marine  
  91  6:29  Marine, SCV  
  93  6:36  Siege Tank  
  96  6:41  SCV  
  96  6:42  SCV  
  98  6:48  Marine  
  98  6:53  SCV x2  
  98  6:54  SCV  
  98  7:01  Marine  
  90  7:05  SCV  
  90  7:06  SCV  
  90  7:07  Barracks Reactor x2  
  92  7:10  Barracks Reactor  
  92  7:12  Terran Infantry Weapons Level 2  
  92  7:14  Terran Infantry Armor Level 2  
  92  7:16  Marine  
  92  7:17  SCV  
  92  7:18  SCV  
  92  7:19  Marine  
  63  7:22  Medivac x2  
  95  7:24  Marine  
  95  7:27  Siege Tank  
  95  7:29  SCV  
  104  7:36  Orbital Command  
  104  7:38  SCV  
  104  7:39  Marine x2  
  104  7:42  SCV  
  108  7:50  SCV  
  109  7:53  Bunker  
  109  7:54  Marine x2, SCV  
  109  7:55  Missile Turret  
  109  7:57  Supply Depot  
  112  7:59  Bunker  
  112  8:00  Missile Turret, Marine  
  112  8:02  SCV  
  112  8:03  Marine, SCV  
  116  8:06  SCV  
  116  8:10  Marine x2  
  116  8:11  Supply Depot  
  116  8:12  Siege Tank  
  122  8:16  Medivac  
  122  8:18  Medivac  
  126  8:25  Barracks  
  126  8:26  Marine  
  127  8:27  Barracks  
  127  8:28  Marine x2  
  127  8:29  Marine  
  127  8:31  Marine  
  124  8:36  Marine x2  
  124  8:37  Marine  
  126  8:42  Refinery  
  126  8:43  Marine  
  126  8:44  Siege Tank  
  126  8:47  Marine x3  
  132  8:50  Marine  
  132  8:55  Command Center, Supply Depot x2, Marine x2  
  135  9:01  Marine, Marauder  
  138  9:07  Marine x2  
  140  9:12  Ghost Academy, Marine, Refinery  
  140  9:13  Supply Depot x2  
  140  9:15  Barracks Tech Lab x2  
  140  9:18  Siege Tank  
  140  9:22  Marine x2  
  145  9:25  Marine x2  
  144  9:36  Marine x3, Marauder  
  148  9:41  Terran Infantry Weapons Level 3  
  148  9:42  Missile Turret  
  148  9:45  Terran Infantry Armor Level 3  
  147  9:46  Marine x2  
  147  9:50  Siege Tank  
  151  9:54  Marine  
  151  9:56  Concussive Shells, Marauder  
  154  10:00  Marine  
  154  10:02  Supply Depot  
  150  10:08  Marine x2, Marauder  
  150  10:10  Marine x2, Marauder  
  150  10:12  Marine x2  
  160  10:15  Marine  
  161  10:23  Marine, Marauder  
  161  10:28  Marine x2  
  164  10:30  Marauder  
  164  10:32  Marine, Marauder  
  164  10:33  Siege Tank  
  174  10:40  Marine  
  173  10:44  Marine x2  
  173  10:45  Marine, Marauder  
  173  10:47  Marine  
  178  10:51  Marauder  
  178  10:53  Marauder  
  178  10:54  Marine  
  181  11:00  Marine x2  
  182  11:06  Marauder  
  182  11:07  Marine  
  182  11:08  Marine  
  186  11:14  Planetary Fortress, Marauder  
  186  11:16  Marine  
  160  11:29  Marine, Siege Tank  
  154  11:40  Ghost x3  
  142  11:52  Marine  
  126  12:02  Marine x2  
  126  12:08  Marine, Ghost x2  
  115  12:13  SCV x2  
  115  12:15  SCV  
  122  12:25  SCV x2  
  122  12:29  SCV  
  122  12:33  Marine x2, Marauder  
  123  12:37  SCV x2  
  123  12:40  Marine, Marauder  
  129  12:44  Marine, SCV  
  130  12:51  Marine  
  130  12:52  Marine, Marauder  
  130  12:56  SCV  
  126  13:12  Marine, Marauder  
  120  13:17  Marine, Marauder  
  120  13:18  Marine  
  120  13:19  Marauder  
  114  13:27  Marine  
  114  13:28  Marine  
  114  13:34  Marine  
  113  13:35  Marine x2  
Show
View Real Time Build Order
Export as new Build Order

Elazer Zerg 

Build Orders: Hatch First 

Get SALT Encoding   

  12  0:00  Drone  
  13  0:12  Overlord  
  13  0:17  Drone  
  14  0:30  Drone x2  
  14  0:34  Drone  
  17  0:51  Hatchery  
  17  0:54  Drone  
  17  0:57  Drone  
  18  1:09  Extractor  
  17  1:12  Spawning Pool  
  17  1:15  Drone  
  17  1:19  Drone  
  18  1:27  Drone  
  19  1:38  Overlord  
  19  1:59  Queen  
  19  2:00  Zergling x4  
  23  2:03  Drone, Queen  
  23  2:08  Metabolic Boost  
  26  2:10  Drone  
  26  2:15  Drone  
  28  2:23  Drone  
  28  2:25  Drone  
  30  2:38  Queen  
  30  2:39  Drone x2  
  30  2:42  Queen  
  35  2:47  Overlord  
  35  2:57  Hatchery  
  34  3:01  Drone  
  35  3:07  Drone x3  
  35  3:08  Zergling x2  
  35  3:10  Zergling x2  
  40  3:13  Overlord  
  40  3:18  Drone x2  
  42  3:20  Drone  
  43  3:31  Queen  
  43  3:33  Overlord  
  45  3:34  Drone x2  
  45  3:36  Drone  
  45  3:40  Drone  
  49  3:44  Drone  
  49  3:52  Extractor, Roach Warren  
  49  3:53  Drone x3  
  49  3:55  Drone  
  51  4:03  Overlord  
  51  4:05  Drone x2  
  53  4:12  Drone x3  
  53  4:15  Spore Crawler  
  55  4:17  Queen  
  57  4:25  Overlord  
  57  4:27  Drone x2  
  59  4:33  Roach  
  59  4:34  Roach x3  
  59  4:38  Roach x2  
  71  4:43  Roach x2  
  75  4:47  Overlord  
  75  4:50  Roach x2  
  79  4:59  Drone  
  80  5:00  Extractor, Drone  
  80  5:01  Evolution Chamber, Drone x2  
  80  5:02  Evolution Chamber  
  80  5:09  Overlord  
  80  5:12  Drone x5  
  80  5:14  Drone  
  86  5:15  Drone  
  86  5:19  Drone  
  88  5:23  Overlord  
  88  5:27  Overlord, Lair  
  88  5:29  Drone  
  88  5:34  Extractor, Drone  
  88  5:35  Extractor, Drone  
  88  5:37  Overlord  
  89  5:43  Zerg Ground Armor Level 1, Zerg Missile Weapons Level 1  
  89  5:44  Overlord  
  89  5:48  Roach x2  
  93  5:51  Roach x2  
  93  5:53  Roach  
  93  5:55  Roach  
  101  5:57  Overlord  
  101  6:00  Drone x2  
  101  6:01  Drone  
  104  6:07  Overlord  
  104  6:09  Roach x3  
  110  6:14  Overlord  
  110  6:15  Drone  
  110  6:16  Drone x2  
  110  6:17  Drone  
  110  6:18  Drone  
  115  6:20  Roach  
  115  6:22  Roach  
  119  6:26  Glial Reconstitution  
  119  6:27  Overlord  
  119  6:29  Drone x2  
  121  6:35  Roach x2  
  121  6:37  Drone  
  121  6:38  Drone  
  121  6:39  Extractor  
  126  6:40  Drone x2  
  126  6:41  Drone  
  126  6:46  Overlord  
  129  6:47  Ravager  
  129  6:48  Ravager x3  
  129  6:53  Overlord  
  105  7:07  Roach x6  
  105  7:08  Roach x6  
  127  7:10  Overlord  
  127  7:14  Roach  
  129  7:18  Overlord  
  129  7:20  Drone  
  130  7:23  Infestation Pit  
  129  7:30  Overlord  
  129  7:31  Roach x3  
  129  7:36  Overlord  
  135  7:39  Hatchery  
  135  7:40  Zerg Missile Weapons Level 2, Zerg Ground Armor Level 2  
  134  7:49  Overlord  
  134  7:50  Tunneling Claws  
  134  7:51  Drone x4  
  136  7:56  Spore Crawler  
  134  8:01  Burrow  
  134  8:02  Ravager  
  134  8:03  Overlord  
  135  8:06  Roach x3  
  135  8:07  Spine Crawler  
  140  8:15  Drone  
  140  8:16  Drone x2  
  140  8:17  Extractor  
  140  8:18  Extractor, Infestor  
  143  8:24  Infestor  
  145  8:36  Drone x3  
  145  8:37  Drone x3  
  145  8:39  Roach x3  
  145  8:40  Roach x3  
  163  8:47  Overlord  
  163  8:48  Hatchery  
  162  8:51  Infestor x2  
  166  8:57  Roach x4  
  174  9:04  Roach x4  
  174  9:09  Ravager, Roach x22  
  183  9:12  Roach x2  
  183  9:15  Roach x5  
  193  9:23  Overlord  
  193  9:25  Roach x3  
  187  9:33  Overlord  
  187  9:35  Ravager  
  186  9:38  Roach x3  
  186  9:40  Hive  
  190  9:49  Roach x7  
  190  9:50  Roach x10  
  190  9:53  Overlord  
  190  9:55  Ravager x3  
  190  9:57  Ravager  
  190  9:58  Ravager  
  190  9:59  Roach x13  
  195  10:06  Roach x4  
  195  10:27  Overlord  
  195  10:48  Overlord, Roach x13  
  195  10:54  Adrenal Glands  
  195  10:55  Zerg Melee Weapons Level 1, Ultralisk Cavern, Zerg Ground Armor Level 3  
  195  10:56  Roach  
  195  10:57  Roach x6  
  191  10:58  Roach x4  
  191  10:59  Roach x7  
  191  11:01  Roach x3  
  199  11:08  Roach x8  
  184  11:24  Roach x9  
  184  11:25  Roach x2  
  194  11:26  Roach x9  
  194  11:27  Roach x2  
  194  11:30  Roach x3  
  168  11:42  Roach x10  
  168  11:45  Roach  
  167  11:47  Roach x8  
  167  11:53  Chitinous Plating, Roach x2  
  158  11:58  Roach x10  
  148  12:10  Ultralisk x2  
  148  12:11  Hatchery, Ultralisk  
  148  12:14  Hatchery  
  152  12:22  Ultralisk x2  
  158  12:28  Roach x9  
  158  12:29  Ultralisk  
  144  12:30  Ultralisk x2  
  144  12:33  Roach x9  
  142  12:38  Drone x4, Extractor  
  142  12:40  Roach  
  142  12:41  Roach x3  
  151  12:49  Roach x19  
  149  13:05  Roach x8  
  131  13:15  Ultralisk  
  131  13:19  Roach  
  125  13:20  Roach x5  
  125  13:23  Roach  
  119  13:34  Roach x5  
  115  13:48  Ravager  
  120  13:49  Ravager  

Tags
 
Add a new tag
Caveats
  • Supply blocks, unpowered buildings, or Contaminate may cause inaccurate times.
  • Supply counts are checked every 10 seconds.